AoeStats
← andenore

Oasis

510175403Analyzed
4v4 RM · 3d ago on Sep 29, 2026· 51m 44s· 8 players
Game mode
Random Map
Map size
Large (8 player)
Population
200
Speed
Normal
Resources
Standard
Victory
Conquest
Starting age
Dark Age
Ending age
Imperial Age
RankedLock teamsTeams togetherTeam positionsShared explorationLock speedFull tech treeHidden civsTurbo modeCheats
Victory
Defeat
🇩🇪 Goths · Germany
964
+12
🇹🇷 Persians · Türkiye
961
+12
🇩🇪 Hindustanis · Germany
955
+13
🇳🇴 Poles · Norway
944
+13
🇹🇷 Cumans · Türkiye
981
-16
🇨🇦 Varangians · Canada
907
-14
🇺🇸 Franks · United States
873
-12
🇹🇷 Bulgarians · Türkiye
755
-8
Oguz CareVia
4:12 Loom
12:14 Feudal Age
14:15 Double-Bit Axe
18:31 Scale Mail Armor
18:42 Forging
19:38 Arson
20:10 Horse Collar
30:17 Gold Mining
30:18 Stone Mining
32:59 Castle Age
35:06 Caravan
35:16 Scale Barding Armor
35:28 Chain Mail Armor
35:48 Iron Casting
35:58 Stone Shaft Mining
37:17 Chain Barding Armor
37:16 Bow Saw
38:05 Squires
37:27 Pikeman
37:54 Gambesons
39:09 Gold Shaft Mining
38:36 Heavy Plow
46:27 Stirrups
51:06 Stirrups
BuDrakexn
2:26 Loom
9:56 Feudal Age
11:27 Double-Bit Axe
22:04 Castle Age
25:06 Bow Saw
26:12 Wheelbarrow
27:15 Scale Barding Armor
27:06 Gold Mining
28:30 Forging
29:20 Hand Cart
33:37 Imperial Age
31:50 Chain Barding Armor
32:48 Iron Casting
32:31 Husbandry
33:03 Stone Mining
33:56 Cavalier
35:38 Blast Furnace
35:59 Plate Barding Armor
37:08 Paladin
39:25 Caravan
46:39 Murder Holes
47:14 Conscription
47:49 Hoardings
46:58 Pikeman
Broseidon
9:26 Loom
13:00 Feudal Age
16:38 Double-Bit Axe
19:08 Castle Age
18:39 Bloodlines
19:07 Scale Mail Armor
19:17 Forging
22:05 Stone Mining
22:33 Bow Saw
24:11 Husbandry
24:16 Squires
29:41 Scale Barding Armor
30:11 Iron Casting
33:01 Fortified Wall
33:36 Horse Collar
33:59 Arson
38:53 Imperial Age
37:55 Chain Barding Armor
37:50 Chain Mail Armor
37:26 Fletching
37:39 Gambesons
39:20 Bodkin Arrow
39:27 Padded Archer Armor
40:14 Elite Varangian Guard
43:43 Plate Barding Armor
45:33 Blast Furnace
45:04 Plate Mail Armor
45:24 Pikeman
48:52 Halberdier
Hediyelik Yogurt
3:11 Loom
10:08 Feudal Age
11:33 Wheelbarrow
25:41 Horse Collar
30:07 Castle Age
28:56 Double-Bit Axe
29:04 Gold Mining
29:46 Bloodlines
32:24 Scale Barding Armor
31:48 Light Cavalry
32:51 Bow Saw
34:48 Heavy Plow
38:04 Gold Shaft Mining
37:19 Stone Mining
37:33 Padded Archer Armor
37:24 Fletching
41:46 Imperial Age
40:33 Thumb Ring
41:09 Leather Archer Armor
42:16 Hand Cart
41:53 Town Watch
43:10 Ballistics
43:55 Parthian Tactics
44:37 Chemistry
44:09 Hussar
45:43 Elite Kipchak
50:42 Ring Archer Armor
50:09 Bodkin Arrow
andenore
11:58 Feudal Age
13:59 Double-Bit Axe
15:27 Wheelbarrow
16:59 Bloodlines
18:27 Gold Mining
19:35 Scale Barding Armor
19:41 Forging
19:35 Horse Collar
29:25 Fletching
32:37 Castle Age
31:12 Stone Mining
33:48 Bow Saw
34:28 Stone Shaft Mining
34:31 Pikeman
35:12 Squires
35:51 Iron Casting
35:38 Chain Barding Armor
35:21 Scale Mail Armor
36:09 Heavy Plow
38:27 Hand Cart
39:31 Husbandry
42:27 Ballistics
42:04 Murder Holes
42:34 Light Cavalry
45:51 Loom
46:44 Chain Mail Armor
Jeanne d'Arc
0:53 Loom
11:20 Feudal Age
13:17 Man-at-Arms
25:49 Castle Age
24:38 Double-Bit Axe
25:50 Gold Mining
25:50 Stone Mining
25:47 Horse Collar
27:27 Wheelbarrow
29:28 Stone Shaft Mining
29:53 Bow Saw
30:01 Heavy Plow
37:24 Imperial Age
34:17 Pikeman
34:57 Squires
36:27 Scale Mail Armor
40:14 Ballistics
39:24 Halberdier
41:08 Hand Cart
41:17 Conscription
41:52 Crop Rotation
41:39 Forging
41:49 Perfusion
42:35 Chain Mail Armor
42:56 Iron Casting
43:22 Elite Huskarl
50:59 Blast Furnace
ButterMyHead
4:45 Loom
11:24 Feudal Age
27:42 Castle Age
26:14 Double-Bit Axe
26:24 Horse Collar
28:44 Bow Saw
31:05 Wheelbarrow
32:51 Gold Mining
33:06 Heavy Plow
34:43 Bloodlines
34:34 Husbandry
37:02 Town Watch
39:00 Hand Cart
42:28 Imperial Age
43:34 Heavy Camel Rider
46:36 Chemistry
45:31 Murder Holes
46:00 Caravan
48:12 Scale Barding Armor
47:58 Fletching
48:27 Imperial Camel Rider
51:05 Gold Shaft Mining
50:20 Stone Mining
51:36 Two-Man Saw
Soldier
0:34 Loom
12:11 Feudal Age
13:51 Wheelbarrow
13:05 Double-Bit Axe
22:05 Castle Age
20:09 Man-at-Arms
21:13 Stone Mining
21:13 Gold Mining
23:27 Bow Saw
25:17 Horse Collar
27:39 Hand Cart
33:56 Caravan
38:59 Imperial Age
38:26 Husbandry
38:36 Bloodlines
37:50 Pikeman
38:31 Squires
40:27 Chemistry
39:22 Murder Holes
39:24 Gambesons
40:40 Conscription
39:40 Elite War Elephant
40:02 Cavalier
43:23 Two-Man Saw
42:39 Forging
42:30 Scale Mail Armor
42:35 Scale Barding Armor
42:31 Elite War Elephant
42:53 Halberdier
43:07 Halberdier
44:45 Iron Casting
44:26 Chain Mail Armor
46:14 Chain Barding Armor
47:34 Savar
50:03 Blast Furnace
49:37 Plate Mail Armor
49:49 Plate Barding Armor
Connection lost

Rejoining the realm…

Still unreachable

The connection could not be restored.

Session expired

The server has moved on; the page needs a fresh start.